AoeStats
← tbzachary

Migration

509613004Analyzed
1v1 RM · 6d ago on Sep 27, 2026· 43m 39s· 2 players
Game mode
Random Map
Map size
132×132
Population
200
Speed
Normal
Resources
Standard
Victory
Conquest
Starting age
Dark Age
Ending age
Imperial Age
RankedLock teamsTeams togetherTeam positionsShared explorationLock speedFull tech treeHidden civsTurbo modeCheats
Victory
Defeat
🇨🇳 Spanish · China
693
+19
🇺🇸 Slavs · United States
748
-19
915894585
0:30 Loom
13:47 Feudal Age
14:15 Fishing Lines
14:22 Double-Bit Axe
17:05 Stone Mining
17:05 Gold Mining
20:03 Castle Age
19:56 Wheelbarrow
19:07 Town Watch
21:17 Bow Saw
21:55 Gillnets
22:25 Horse Collar
23:50 Medium Warships
24:03 Heavy Plow
25:13 Pikeman
32:10 Imperial Age
30:53 Hand Cart
30:39 Town Patrol
31:13 Squires
30:58 Gambesons
31:18 Scale Mail Armor
31:24 Scale Barding Armor
31:10 Fletching
32:01 Forging
34:09 Chemistry
33:20 Fortified Wall
33:31 Ballistics
32:40 Halberdier
33:06 Arson
33:58 Heavy Warships
33:45 Man-at-Arms
35:16 Iron Casting
34:56 Chain Mail Armor
35:02 Chain Barding Armor
34:38 Bodkin Arrow
34:14 Elite Cannon Galleon
37:47 Blast Furnace
37:18 Plate Mail Armor
37:23 Plate Barding Armor
36:49 Bracer
39:34 Two-Man Saw
tbzachary
6:38 Loom
11:11 Feudal Age
12:01 Double-Bit Axe
12:02 Fishing Lines
17:07 Castle Age
17:42 Gold Mining
18:44 Gillnets
21:09 Scale Barding Armor
25:04 Horse Collar
25:37 Bow Saw
26:57 Chain Barding Armor
26:48 Forging
27:06 Detinets
30:17 Imperial Age
30:48 Husbandry
30:59 Bloodlines
30:45 Elite Boyar
31:01 Light Cavalry
33:02 Iron Casting
33:51 Two-Man Saw
34:12 Ballistics
34:54 Chemistry
37:20 Heavy Scorpion
38:26 Hussar
Connection lost

Rejoining the realm…

Still unreachable

The connection could not be restored.

Session expired

The server has moved on; the page needs a fresh start.